 Dungeon Crawl Stone Soup version 0.26-b1-52-g61e05abef2 (webtiles) character file.

Game seed: 15158638443170052164

134 raceaflais the Chopper (level 4, -1/35 HPs)
             Began as a Demonspawn Berserker on Jan 7, 2021.
             Was a Believer of Trog.
             Slain by Zeldest's ghost (5 damage)
             ... on level 3 of the Dungeon.
             The game lasted 00:05:36 (3105 turns).

raceaflais the Chopper (Demonspawn Berserker)       Turns: 3105, Time: 00:05:37

Health: -1/35      AC: 13    Str: 16 (18) XL:     4   Next: 95%
Magic:  0/4        EV:  4    Int:  7 (8)  God:    Trog [**....]
Gold:   87         SH:  9    Dex: 13      Spells: 3/3 levels left

rFire    . . .     SeeInvis .   a - +1 hand axe
rCold    . . .     Faith    .   f - +2 kite shield
rNeg     + . .     Spirit   +   k - +0 chain mail
rPois    .         Reflect  .   (no helmet)
rElec    .         Harm     .   g - +2 cloak
rCorr    .         Rampage  .   h - +0 pair of gloves
Will     .....                  (no boots)
Stlth    ..........             (no amulet)
HPRegen  0.11/turn              c - ring of positive energy
MPRegen  0.09/turn              (no ring)

@: no status effects
A: magic shield
a: Renounce Religion, Berserk, Trog's Hand


You were on level 3 of the Dungeon.
You worshipped Trog.
Trog was pleased with you.
You visited 1 branch of the dungeon, and saw 3 of its levels.

You collected 87 gold pieces.

Inventory:

Hand Weapons
 a - a +1 hand axe (weapon)
Missiles
 n - 6 poisoned darts
Armour
 f - a +2 kite shield (worn)
 g - a +2 cloak (worn)
 h - a +0 pair of gloves (worn)
 k - a +0 chain mail (worn)
Jewellery
 c - a ring of positive energy (left hand)
 m - an uncursed amulet of guardian spirit {unknown}
Scrolls
 d - 2 scrolls of magic mapping
 e - 2 scrolls of identify
Potions
 b - 2 potions of degeneration


   Skills:
 + Level 3.5 Fighting
 + Level 4.1 Axes
 + Level 2.7 Armour
 + Level 2.1 Dodging
 + Level 0.1 Stealth
 + Level 0.1 Shields


You had 3 spell levels left.
You didn't know any spells.
Your spell library was empty.

Dungeon Overview and Level Annotations

Branches:
Dungeon (3/15)

Altars:
Nemelex Xobeh

Annotations:
D:3 Zeldest's ghost, amateur GnSu


Innate Abilities, Weirdness & Mutations

When hurt, damage is shared between your health and your magic reserves.


Message History

You hit the shadow imp.
You kill the shadow imp!
You closely miss Zeldest's ghost.
You recover from your berserk rage.
You block Zeldest's ghost's attack.
The white imp disappears in a puff of smoke!
You hit Zeldest's ghost.
Zeldest's ghost is severely damaged.
You block Zeldest's ghost's attack.
You hit Zeldest's ghost but do no damage.
Zeldest's ghost is severely damaged.
Zeldest's ghost hits you but does no damage.
You hit Zeldest's ghost.
Zeldest's ghost is severely damaged.
Zeldest's ghost casts a spell.
You miss Zeldest's ghost.
Zeldest's ghost is severely damaged.
Zeldest's ghost hits you but does no damage.
Zeldest's ghost hits you!
You die...

#.....b.##.## #.#
###5rW###.#.## #.#
##...5.....##.###.#
.....br.)...###....#
#########...##.#####
#......)#.##
#.######.## #..# #.#
#@## #.# #W# #W# #5#
#<# #.# #.# #.# #.#
#.# ..#####.# #.#
........#####.#
..##.#....W...#


You could see an iron imp (summoned) and Zeldest's ghost.

Vanquished Creatures
  A hound zombie (D:3)
  3 adders
  An ufetubus (D:3)
  An adder zombie (D:3)
  2 adder skeletons (D:3)
  4 worms
  A dart slug (D:2)
  3 leopard geckos
  A ball python (D:1)
  2 giant cockroaches
  11 goblins
  4 hobgoblins
  2 jackals (D:3)
  2 quokkas (D:2)
  6 bats
  5 frilled lizards
  8 kobolds
  5 rats
62 creatures vanquished.

Notes
Turn   | Place    | Note
-------+----------+-------------------------------------------
     0 | D:1      | raceaflais the Demonspawn Berserker began the quest for the
                  | Orb.
     0 | D:1      | Reached XP level 1. HP: 18/18 MP: 1/1
   302 | D:1      | Reached skill level 3 in Axes
   302 | D:1      | Gained mutation: When hurt, damage is shared between your
                  | health and your magic reserves. [demonic ancestry]
   302 | D:1      | Reached XP level 2. HP: 15/24 MP: 2/2
  1237 | D:2      | Reached XP level 3. HP: 29/29 MP: 3/3
  1248 | D:2      | Reached ** piety under Trog
  2045 | D:2      | Found a sparkling altar of Nemelex Xobeh.
  2403 | D:3      | Reached XP level 4. HP: 27/35 MP: 2/4
  3012 | D:3      | Found a runed translucent gate.
  3012 | D:3      | Found a runed translucent gate.
  3012 | D:3      | Found a runed translucent gate.
  3031 | D:3      | Noticed Zeldest's ghost (amateur GnSu)
  3051 | D:3      | Reached skill level 4 in Axes
  3105 | D:3      | Slain by Zeldest's ghost

Illustrated notes

Levels and vault maps discovered:
D:1:      sevenhm_arrival_forest_fort_small_6, layout_basic
D:2:      layout_basic, old_standard_altar
D:3:      minmay_spotlight, layout_loops_ring, dancing_weapons_uskayaw,
          gammafunk_ghost_necromancy

Skill      XL: |  1  2  3  4 |
---------------+-------------+-----
Axes           | 3 4 |  4.1
Dodging        | 2 |  2.1
Armour         | 2 |  2.7
Fighting       | |  3.5
Stealth        | |  0.1
Shields        | |  0.1

Action                   |  1- 3 |  4- 6 || total
-------------------------+-------+-------++-------
Melee: Hand axe          |   154 |    73 ||   227
Invok: Berserk           |       |     2 ||     2
  Use: Scroll            |    10 |     2 ||    12
       Potion            |     3 |     2 ||     5
Armor: Animal skin       |     9 |       ||     9
       Chain mail        |    78 |    49 ||   127
Dodge: Dodged            |    42 |     9 ||    51
Block: Kite shield       |    58 |    40 ||    98
